 Dungeon Crawl Stone Soup version 0.27.0-1-g7a089689b8 (webtiles) character file.

Game seed: 13674684189865131792

44 mg7810 the Skirmisher (level 3, 0/33 HPs)
             Began as a Minotaur Fighter on Aug 12, 2021.
             Was an Initiate of Okawaru.
             Succumbed to a goblin's poison
             ... on level 2 of the Dungeon.
             The game lasted 00:02:28 (1143 turns).

mg7810 the Skirmisher (Minotaur Fighter)            Turns: 1143, Time: 00:02:28

Health: 0/33       AC: 11    Str: 21    XL:     3   Next: 39%
Magic:  2/2        EV:  4    Int: 11    God:    Okawaru [......]
Gold:   71         SH:  9    Dex:  9    Spells: 2/2 levels left

rFire    . . .     SeeInvis .   a - +0 war axe
rCold    . . .     Faith    .   c - +0 kite shield
rNeg     . . .     Spirit   .   k - +0 plate armour
rPois    .         Reflect  .   (helmet restricted)
rElec    .         Harm     .   (no cloak)
rCorr    .         Rampage  .   (no gloves)
Will     .....                  (no boots)
Stlth    ..........             (no amulet)
HPRegen  0.11/turn              g - +6 ring of intelligence
MPRegen  0.08/turn              (no ring)

@: lethally poisoned (0 -> -28)
A: horns 2, retaliatory headbutt
a: Renounce Religion


You were on level 2 of the Dungeon.
You worshipped Okawaru.
Okawaru was noncommittal.
You visited 1 branch of the dungeon, and saw 2 of its levels.

You collected 71 gold pieces.

Inventory:

Hand Weapons
 a - a +0 war axe (weapon)
Armour
 c - a +0 kite shield (worn)
 k - a +0 plate armour (worn)
Jewellery
 g - a +6 ring of intelligence (left hand)
Scrolls
 b - a scroll of holy word {unknown}
 i - a scroll of teleportation {unknown}
 j - a scroll of fear {unknown}
Potions
 d - a potion of might
 e - a potion of flight {unknown}
 f - a potion of magic {unknown}


   Skills:
 + Level 4.0 Fighting
 + Level 2.9 Axes
 + Level 4.0 Armour
 + Level 3.8 Shields
 * Level 1.3 Unarmed Combat
 * Level 0.8 Invocations


You had 2 spell levels left.
You didn't know any spells.
Your spell library was empty.

Dungeon Overview and Level Annotations

Branches:
Dungeon (2/15)

Altars:
Okawaru


Innate Abilities, Weirdness & Mutations

You have a pair of horns on your head.
You reflexively headbutt those who attack you in melee.


Message History

You barely miss the goblin. The goblin hits you with a +0 dagger.
You slash the goblin!
You kill the goblin!
Okawaru accepts your kill.
You barely miss the goblin.
A goblin comes into view. It is wielding a +0 club.
You block the goblin's attack. x2
You closely miss the goblin. You hit the goblin.
You hit the goblin but do no damage. You block the goblin's attack.
The goblin hits you but does no damage.
You are poisoned.
The goblin barely misses you. The goblin hits you but does no damage.
You closely miss the goblin. You headbutt the goblin.
You kill the goblin!
Okawaru accepts your kill.
You closely miss the goblin. You completely miss the goblin.
You feel very sick. The goblin hits you but does no damage.
You are more poisoned.
You block the goblin's attack.
The goblin hits you but does no damage. x2
You feel very sick.
Things that are here:
a +0 dagger; a goblin corpse You feel sick.
* * * LOW HITPOINT WARNING * * *
You feel very sick.
You feel better. You block the goblin's attack.
You hit the goblin.
The goblin is moderately wounded.
The goblin hits you but does no damage.
You completely miss the goblin.
The goblin is moderately wounded.
The goblin no longer looks unusually strong.
The goblin hits you but does no damage.
You are poisoned.
The goblin hits you with a +2 dagger of venom.
You are more poisoned.
You closely miss the goblin.
The goblin is moderately wounded.
You die...

#.#.#.#...#...####.#
.............>.....#
.......#.....#######
..#.....###........#
..#.....# ##........
..#.....# #.#####.#
..#.....# #.# #
..#.##+#####.#####.####
..#..........ggg@.....#
#.####.#.###)#####.####
#.# #.#.###.#####.# #.#
#.#.#..g......# ...
....#....###### #.#
#.#.#....# #.#
#.#.#....#
..####.#.#....#
..............#


You could see 3 goblins.

Vanquished Creatures
  Robin (D:2)
  3 dart slugs (D:1)
  A bat (D:1)
  An endoplasm (D:1)
  2 giant cockroaches (D:1)
  5 goblins (D:2)
  4 hobgoblins
  A quokka (D:2)
  3 ball pythons (D:2)
  3 kobolds (D:1)
  A rat (D:1)
25 creatures vanquished.

Notes
Turn   | Place    | Note
-------+----------+-------------------------------------------
     0 | D:1      | mg7810 the Minotaur Fighter began the quest for the Orb.
     0 | D:1      | Reached XP level 1. HP: 19/19 MP: 0/0
   169 | D:1      | Reached skill level 1 in Unarmed Combat
   174 | D:1      | Reached XP level 2. HP: 25/27 MP: 1/1
   178 | D:1      | You fall into a shaft and drop 1 floor!
  1025 | D:2      | Found an iron altar of Okawaru.
  1083 | D:2      | Became a worshipper of Warmaster Okawaru
  1089 | D:2      | Noticed Robin
  1131 | D:2      | Reached XP level 3. HP: 21/33 MP: 2/2
  1131 | D:2      | Killed Robin
  1143 | D:2      | Succumbed to a goblin's poison

Illustrated notes

Levels and vault maps discovered:
D:1:      minmay_arrival_jagged, layout_loops_cross
D:2:      layout_basic, hellmonk_ecumenical_altar_pennies_from_heaven,
          basic_altar, uniq_robin

Skill      XL: |  1  2 |
---------------+-------+-----
Unarmed Combat | 1 |  1.3
Fighting       | 4 |  4.0
Armour         | 4 |  4.0
Axes           | |  2.9
Shields        | |  3.8
Invocations    | |  0.8

Action                   || total
-------------------------++-------
Melee: War axe           ||    67
       Headbutt          ||    10
  Use: Scroll            ||     1
       Potion            ||     1
Armor: Scale mail        ||    13
       Plate armour      ||    30
Dodge: Dodged            ||    14
Block: Kite shield       ||    30
